 Dungeon Crawl Stone Soup version 0.28-a0-631-g0446da8ef9 (webtiles) character file.

Game seed: 8177138689118023331

41717 Drevant2 the Bludgeoner (level 14, -1/81 (90) HPs)
             Began as a Human Wanderer on Oct 9, 2021.
             Was the Champion of Okawaru.
             Slain by an orc (3 damage)
             ... while paralysed by an orc sorcerer
             ... on level 1 of the Orcish Mines on Oct 10, 2021.
             The game lasted 01:11:38 (26633 turns).

Drevant2 the Bludgeoner (Human Wanderer)           Turns: 26633, Time: 01:11:40

HP:   -1/81 (90)    AC: 17    Str: 14    XL:     14   Next: 51%
MP:   18/18         EV:  2    Int:  9    God:    Okawaru [******]
Gold: 924           SH:  0    Dex: 27    Spells: 13/13 levels left

rFire   + . .      SeeInvis .   k - +3 morningstar (vamp)
rCold   + . .      Faith    .   t - +0 buckler of the Heavens {rF+ rC+ Int-3 Dex+4}
rNeg    . . .      Spirit   .   w - +1 acid dragon scales
rPois   .          Reflect  +   (no helmet)
rElec   .          Harm     .   (no cloak)
rCorr   +          Rampage  .   p - +0 pair of gloves
Will    +....                   m - +0 pair of boots
Stlth   ++........              o - amulet of reflection
HPRegen 0.23/turn               g - +6 ring of dexterity
MPRegen 0.16/turn               v - +4 ring of protection

@: paralysed, heavily drained
A: no striking features
a: Renounce Religion, Heroism, Finesse, Duel


You were on level 1 of the Orcish Mines.
You worshipped Okawaru.
Okawaru was exalted by your worship.
You visited 4 branches of the dungeon, and saw 20 of its levels.

You collected 1094 gold pieces.
You spent 170 gold pieces at shops.

Inventory:

Hand Weapons
 a - a +0 mace
 k - a +3 vampiric morningstar (weapon)
 K - a +6 great mace of draining
 T - a +4 vorpal hunting sling
Missiles
 E - 6 javelins
 F - 4 silver javelins
Armour
 c - a +2 scale mail
 m - a +0 pair of boots (worn)
 p - a +0 pair of gloves (worn)
 t - the +0 buckler of the Heavens (worn) {rF+ rC+ Int-3 Dex+4}
   (You found it on level 5 of the Dungeon)

   Int:       It affects your intelligence (-3).
   Dex:       It affects your dexterity (+4).
   rF:        It protects you from fire.
   rC:        It protects you from cold.
 w - +1 acid dragon scales (worn)
 V - a +2 scale mail of fire resistance
Jewellery
 e - an amulet of the acrobat
 g - a +6 ring of dexterity (left hand)
 o - an amulet of reflection (around neck)
 r - a +6 ring of intelligence
 u - the ring of Caky {rF+ rC- Will+ Int+4 Stlth+}
   (You found it on level 7 of the Dungeon)

   [ring of willpower]

   Int:       It affects your intelligence (+4).
   rF:        It protects you from fire.
   rC:        It makes you vulnerable to cold.
   Will:      It increases your willpower.
   Stlth:     It makes you more stealthy.
 v - a +4 ring of protection (right hand)
 y - a +4 ring of protection
 A - a ring of willpower
 U - a +4 ring of slaying
 Y - a ring of poison resistance
Wands
 i - a wand of flame (26)
 s - a wand of paralysis (15)
 M - a wand of mindburst (19)
 N - a wand of acid (9)
 P - a wand of digging (5)
 Q - a wand of iceblast (10)
Scrolls
 d - a scroll of fear {unknown}
 f - 2 scrolls of amnesia
 h - a scroll of magic mapping
 l - 4 scrolls of teleportation
 q - a scroll of acquirement {unknown}
 G - a scroll of immolation
 L - a scroll of holy word
 O - a scroll of torment
 W - a scroll of enchant weapon
 X - a scroll of fog {unknown}
Potions
 b - 3 potions of curing
 j - 3 potions of magic
 n - a potion of flight
 x - a potion of attraction
 z - 3 potions of brilliance
 B - a potion of mutation
 C - a potion of haste
 D - a potion of resistance
 H - 2 potions of heal wounds
 I - 2 potions of might
 J - a potion of cancellation
 R - a potion of invisibility
 S - a potion of lignification {unknown}


   Skills:
 - Level 2.0 Fighting
 - Level 15.9 Maces & Flails
 - Level 1.0 Bows
 - Level 1.0 Throwing
 - Level 11.3 Armour
 - Level 10.0 Dodging
 - Level 1.0 Stealth
 + Level 8.3 Shields
 - Level 6.0 Invocations


You had 13 spell levels left.
You didn't know any spells.
Your spell library contained the following spells:

 Spells                   Type           Power      Damage    Failure   Level
 Apportation              Tloc           0%         N/A       47%         1
 Magic Dart               Conj           0%         1d3       47%         1
 Ensorcelled Hibernation  Hex/Ice        0%         N/A       63%         2
 Searing Ray              Conj           0%         2d4       63%         2
 Slow                     Hex            0%         N/A       63%         2
 Static Discharge         Conj/Air       0%         N/A       63%         2
 Sublimation of Blood     Necr           0%         N/A       63%         2
 Confusing Touch          Hex            0%         N/A       85%         3
 Gell's Gravitas          Tloc           0%         N/A       85%         3
 Mephitic Cloud           Conj/Pois/Air  0%         N/A       85%         3
 Portal Projectile        Hex/Tloc       0%         N/A       85%         3
 Spider Form              Tmut/Pois      0%         N/A       85%         3
 Vampiric Draining        Necr           0%         2d6       85%         3
 Dispel Undead            Necr           0%         3d6       99%         4
 Fulminant Prism          Conj/Hex       0%         3d6       99%         4
 Ice Form                 Ice/Tmut       0%         N/A       99%         4
 Leda's Liquefaction      Hex/Erth       0%         N/A       99%         4
 Petrify                  Tmut/Erth      0%         N/A       99%         4
 Sticky Flame             Conj/Fire      0%         2d3       99%         4
 Irradiate                Conj/Tmut      0%         3d13      100%        5
 Eringya's Noxious Bog    Tmut/Pois      0%         N/A       100%        6
 Animate Skeleton         Necr           Unusable   N/A       N/A         1
 Summon Small Mammal      Summ           Unusable   N/A       N/A         1
 Call Imp                 Summ           Unusable   N/A       N/A         2
 Call Canine Familiar     Summ           Unusable   N/A       N/A         3
 Summon Forest            Summ/Tloc      Unusable   N/A       N/A         5
 Summon Hydra             Summ           Unusable   N/A       N/A         7

Dungeon Overview and Level Annotations

Branches:
Dungeon (12/15)            Temple (1/1) D:7            Lair (6/6) D:8
  Swamp (0/4) Lair:2       Spider (0/4) Lair:2        Slime (0/5) Lair:5
    Orc (1/2) D:12

Altars:
Ashenzari
Cheibriados
Dithmenos
Elyvilon
Fedhas
Gozag
Hepliaklqana
Kikubaaqudgha
Makhleb
Nemelex Xobeh
Okawaru
Qazlal
Ru
Sif Muna
Trog
Uskayaw
Vehumet
Wu Jian
Xom
Yredelemnul
Zin
The Shining One
Beogh
Jiyva

Shops:
D:9 :   D:11 *

Portals:
Trove: D:12 (give +5 ice dragon scales)

Annotations:
D:6 Grinder
D:11 Harold; Psyche
D:12 2 transporters, twist's ghost, journeyman VSEn
Lair:1 1 runed translucent door, Vuch's ghost, novice TrGl
Lair:6 Nessos


Message History

You start waiting.
Done waiting.
You start waiting.
Done waiting.
You now have 924 gold pieces (gained 9).
Items here: )))) [[ ÷ †.
There is an open door here.
Things that are here:
a +0 chain mail; a +0 glaive
There is an open door here.
Items here: )))) [[ ÷÷.
There is a staircase to the Orcish Mines here.
You climb downwards.
Welcome back to the Orcish Mines!
The orc shouts!
The orc sorcerer points at you and mumbles some strange words.
You suddenly lose the ability to move!
The orc sorcerer casts a spell at you. The bolt of negative energy hits you!!
You feel drained.
The orc priest hits you but does no damage.
The orc wizard hits you with a +0 dagger.
The orc sorcerer hits you but does no damage.
The orc priest hits you but does no damage.
The orc wizard hits you but does no damage.
The orc sorcerer casts a spell at you. You resist with some effort.
The orc priest hits you from afar with a +0 trident.
The orc wizard hits you but does no damage.
The orc sorcerer points at you and mumbles some strange words.
The bolt of negative energy hits you!!
You feel drained.
* * * LOW HITPOINT WARNING * * *
The orc priest hits you but does no damage.
The orc wizard gestures at you while chanting.
The magic dart hits you but does no damage.
The orc warrior hits you from afar with a +0 glaive!
* * * LOW HITPOINT WARNING * * *
The orc sorcerer gestures at you while chanting.
The bolt of fire hits you! You resist.
* * * LOW HITPOINT WARNING * * *
The orc hits you with a +0 club.
You die...

##.#######.#..........###
### ##.........#...#.##
##.......>..#..#...#
#...#......#.......#
##.###............##
###.#.............##
#............#..#.#
##................. ##.
###@o............#..
#...#..oo...............
#..#..o[.o......_.....#.
#.......................#
##.##.##.............#.##
# ## .......#.......##
................#
...o.o......##..##
......$...... ...#


You could see an orc sorcerer, 2 orc warriors, an orc priest, 2 orc wizards and
an orc.

Vanquished Creatures
  2 boulder beetles (D:12)
  2 hydras
  A catoblepas (Lair:5)
  A two-headed ogre (D:12)
  2 oklob plants (Lair:5)
  A cyclops (D:11)
  5 black mambas
  8 elephants
  6 cane toads
  2 rime drakes
  Maggie (D:6)
  9 komodo dragons
  A kobold demonologist (D:9)
  3 trolls
  The ghost of Zgrwil the Vexing, a novice SpEn (D:5)
  2 polar bears
  14 blink frogs
  A redback (Lair:2)
  A shadow (D:12)
  2 vampires (D:11)
  A wyvern (Lair:4)
  31 yaks
  2 basilisks
  11 vampire mosquitoes
  Menkaure (D:5)
  11 water moccasins
  A necrophage (D:7)
  An ice beast (D:8)
  10 orc warriors
  2 sky beasts
  5 ogres
  5 wolves (Lair:5)
  2 centaurs
  A phantom (D:4)
  2 kobold brigands (D:7)
  8 bullfrogs
  2 scorpions (D:5)
  A wyvern zombie (D:5)
  3 killer bees
  3 howler monkeys (D:10)
  5 wights (D:6)
  An electric eel (D:9)
  A bullfrog zombie (D:6)
  5 hounds
  3 centaur zombies
  7 orc priests
  3 iguanas
  Natasha (thrice) (D:3)
  11 orc wizards
  A mummy (D:5)
  5 howler monkey zombies
  4 adders
  4 river rats (D:7)
  A white imp (D:8)
  3 worms
  3 dart slugs
  34 orcs
  6 ball pythons
  3 endoplasms
  5 giant cockroaches
  9 goblins
  8 hobgoblins
  18 kobolds
  A quokka (D:4)
  5 bats
  13 frilled lizards
  A quokka skeleton (D:4)
  5 rats
336 creatures vanquished.

Vanquished Creatures (others)
  A bush (Lair:5)
  A fire vortex (Lair:4)
  39 fungi
  119 plants
160 creatures vanquished.

Grand Total: 496 creatures vanquished

Notes
Turn   | Place    | Note
-------+----------+-------------------------------------------
     0 | D:1      | Drevant2 the Human Wanderer began the quest for the Orb.
     0 | D:1      | Drevant2 set off with the following items: a +0 mace, a
                  | potion of curing, a +2 scale mail
     0 | D:1      | Reached XP level 1. HP: 16/16 MP: 1/1
   320 | D:1      | Reached XP level 2. HP: 22/22 MP: 2/2
   870 | D:1      | Reached XP level 3. HP: 21/27 MP: 3/3
  1490 | D:2      | Reached skill level 4 in Maces & Flails
  1692 | D:2      | Reached XP level 4. HP: 29/33 MP: 4/4
  2607 | D:3      | Noticed Natasha
  2618 | D:3      | Killed Natasha
  2619 | D:3      | Reached XP level 5. HP: 22/38 MP: 5/5
  2875 | D:3      | Noticed Natasha
  2884 | D:3      | Killed Natasha
  2916 | D:3      | Noticed Natasha
  2927 | D:3      | Killed Natasha
  2928 | D:3      | Reached skill level 5 in Maces & Flails
  3835 | D:4      | Reached XP level 6. HP: 44/44 MP: 6/6
  3982 | D:4      | Noticed an ogre
  4103 | D:5      | Entered Level 5 of the Dungeon
  4450 | D:6      | Noticed Menkaure
  4450 | D:6      | Noticed a sky beast
  4466 | D:5      | Killed Menkaure
  4467 | D:5      | Reached skill level 6 in Maces & Flails
  4944 | D:5      | Found a transporter.
  4948 | D:5      | Noticed Zgrwil's ghost (novice SpEn)
  5282 | D:4      | Reached XP level 7. HP: 50/50 MP: 7/7
  5478 | D:5      | Identified the +0 buckler of the Heavens {rF+ rC+ Int-3
                  | Dex+4}
  5531 | D:5      | Got the Incunabulum of Glacial Displacement
  5917 | D:5      | Found a transporter.
  5939 | D:5      | Reached skill level 1 in Shields
  6234 | D:6      | Noticed Grinder
  6234 | D:6      | Paralysed by Grinder for 2 turns
  6246 | D:6      | Paralysed by Grinder for 6 turns
  6255 | D:6      | Paralysed by Grinder for 4 turns
  6572 | D:6      | Reached skill level 7 in Maces & Flails
  6911 | D:6      | Reached XP level 8. HP: 56/56 MP: 8/8
  7204 | D:6      | Reached skill level 8 in Maces & Flails
  7620 | D:7      | Found a staircase to the Ecumenical Temple.
  7646 | Temple   | Entered the Ecumenical Temple
  7723 | Temple   | Became a worshipper of Warmaster Okawaru
  7770 | D:7      | Identified the ring of Caky {rF+ rC- Will+ Int+4 Stlth+}
  7934 | D:7      | Reached skill level 9 in Maces & Flails
  7951 | D:7      | Found a snail-covered altar of Cheibriados.
  7964 | D:7      | Reached XP level 9. HP: 59/61 MP: 9/9
  8145 | D:7      | Reached * piety under Okawaru
  8897 | D:6      | Noticed Maggie
  8943 | D:6      | Killed Maggie
  8944 | D:6      | Reached skill level 10 in Maces & Flails
  8944 | D:6      | Reached skill level 5 in Shields
  9851 | D:5      | Killed Zgrwil's ghost
 10057 | D:4      | Reached ** piety under Okawaru
 10095 | D:4      | Found a hazy altar of Hepliaklqana.
 10836 | D:8      | Found a staircase to the Lair.
 10836 | D:8      | Noticed a komodo dragon
 11166 | D:8      | Reached skill level 11 in Maces & Flails
 11424 | D:9      | Found Laetim's Book Emporium.
 11562 | D:9      | Reached XP level 10. HP: 67/67 MP: 10/10
 11581 | D:9      | Noticed a kobold demonologist
 11585 | D:9      | Noticed a rust devil
 11595 | D:9      | Killed a kobold demonologist
 11596 | D:9      | Reached skill level 1 in Invocations
 12766 | D:9      | Reached skill level 12 in Maces & Flails
 12781 | D:9      | Reached *** piety under Okawaru
 13162 | D:10     | Entered Level 10 of the Dungeon
 13851 | D:10     | Reached **** piety under Okawaru
 14356 | D:11     | Noticed a cyclops
 14374 | D:11     | Killed a cyclops
 14375 | D:11     | Reached skill level 5 in Invocations
 14773 | D:11     | Noticed a two-headed ogre
 14924 | D:11     | Reached skill level 13 in Maces & Flails
 14924 | D:11     | Reached XP level 11. HP: 58/72 MP: 14/14
 14957 | D:11     | Found Virois's General Store.
 14960 | D:11     | Bought a potion of resistance for 170 gold pieces
 15178 | D:11     | Noticed a seven-headed hydra
 15284 | Lair:1   | Entered Level 1 of the Lair of Beasts
 15955 | Lair:2   | Found a staircase to the Swamp.
 16157 | Lair:2   | Reached skill level 5 in Armour
 16549 | Lair:2   | Reached ***** piety under Okawaru
 16550 | Lair:2   | Reached skill level 14 in Maces & Flails
 16718 | Lair:2   | Noticed an elephant
 16837 | Lair:1   | Found a runed translucent door.
 16837 | Lair:1   | Noticed Vuch's ghost (novice TrGl)
 18384 | Lair:2   | Found a hole to the Spider Nest.
 18631 | Lair:2   | Received a gift from Okawaru
 18647 | Lair:2   | Reached skill level 15 in Maces & Flails
 18647 | Lair:2   | Reached XP level 12. HP: 31/78 MP: 16/16
 20060 | Lair:3   | Noticed an eight-headed hydra
 20514 | Lair:4   | Reached XP level 13. HP: 83/83 MP: 17/17
 20538 | Lair:4   | Noticed a four-headed hydra
 20586 | Lair:2   | Killed a four-headed hydra
 21193 | Lair:4   | Reached skill level 5 in Dodging
 21991 | Lair:5   | Reached ****** piety under Okawaru
 22109 | Lair:5   | Noticed a five-headed hydra
 22478 | Lair:4   | Received a gift from Okawaru
 22742 | Lair:5   | Noticed an eight-headed hydra
 22821 | Lair:5   | Reached XP level 14. HP: 77/90 MP: 18/18
 23160 | Lair:5   | Found a staircase to the Slime Pits.
 23160 | Lair:5   | Found a viscous altar of Jiyva.
 23292 | Lair:6   | Entered Level 6 of the Lair of Beasts
 23490 | Lair:5   | Received a gift from Okawaru
 23503 | Lair:6   | Noticed Nessos
 24411 | D:11     | Noticed Psyche
 24431 | D:11     | Noticed Harold
 24559 | D:12     | Reached skill level 10 in Dodging
 24618 | D:12     | Found a transporter.
 24624 | D:12     | Found a bloodstained altar of Trog.
 24637 | D:12     | Found a transporter.
 24661 | D:12     | Noticed twist's ghost (journeyman VSEn)
 25781 | D:12     | Found a portal to a secret trove of treasure.
 26046 | D:12     | Found a staircase to the Orcish Mines.
 26059 | Orc:1    | Entered Level 1 of the Orcish Mines
 26629 | Orc:1    | Paralysed by an orc sorcerer for 7 turns
 26633 | Orc:1    | HP: 2/81 [orc sorcerer/bolt of fire (10)]
 26633 | Orc:1    | Slain by an orc

Illustrated notes

Levels and vault maps discovered:
D:1:      elethiomel_arrival_quiet, layout_loops_ring, minmay_lizard_king
D:2:      layout_loops_ring, minmay_misc_feat_pillars
D:3:      layout_basic, serial_co_window_serial, co_window_of_opportunity_a,
          co_window_corner_a, co_window_paths_a, co_window_paths_a,
          co_window_paths_a, co_window_paths_c, co_window_broadway_a,
          co_window_corner_b, co_window_of_opportunity_c, glass_columns_b,
          uniq_natasha
D:4:      layout_basic, mainiacjoe_overflow_catwalk, grunt_decor_resistance,
          minmay_misc_feat_doors, minmay_pentomino_pile
D:5:      layout_loops_ring, gammafunk_ghost_mausoleum
D:6:      layout_basic, uniq_grinder, uniq_maggie, uniq_menkaure
D:7:      wad_woods_stonehenge, layout_rooms, minmay_temple_entry_mist,
          corexii_corridor_pit
D:8:      layout_gridville, david_lair_shrubbed
D:9:      layout_layer_cave, serial_shops, shop, nrook_pool_corridor,
          hangedman_abyss_or_decor_stabs
D:10:     layout_stronghold, columned_hall_lemuel, minivault_25
D:11:     layout_basic, serial_shops, kennysheep_mini, portal_ice_cave_rime,
          minmay_misc_feat_secret_circle, uniq_harold, uniq_psyche
D:12:     layout_loops_ring, david_orc_4, gammafunk_ghost_wrathful_warriors,
          nicolae_trove_entry_columns, st_stairs_6
Temple:   dpeg_three_leaves_temple
Lair:1:   layout_regular_city, ebering_ghost_inner_flame
Lair:2:   layout_loops_ring, minmay_swamp_entry_swarm, spider_nest_entry_webs
Lair:3:   layout_small_grid, chequers_serial_rivers_room_b
Lair:4:   layout_gridlike
Lair:5:   layout_hall_layers, slime_altar_1
Lair:6:   cheibrodos_lair_end_hotspot, layout_cellular_growth,
          serial_bayou_pond_e, uniq_nessos
Orc:1:    layout_caves, basic_altar

Skill      XL: |  1  2  3  4  5  6  7  8  9 10 11 12 13 14 |
---------------+-------------------------------------------+-----
Maces & Flails | 4 5 6 7 9 11 13 15 | 15.9
Armour         | 3 4 6 11 | 11.3
Shields        | 2 4 6 8 |  8.3
Invocations    | 5 6 |  6.0
Dodging        | 7 10 | 10.0
Fighting       | |  2.0
Bows           | |  1.0
Throwing       | |  1.0
Stealth        | |  1.0

Action                   |  1- 3 |  4- 6 |  7- 9 | 10-12 | 13-15 || total
-------------------------+-------+-------+-------+-------+-------++-------
Melee: Mace              |     8 |       |       |       |       ||     8
       Whip              |   104 |   160 |   403 |       |       ||   667
       Morningstar       |       |       |   124 |   554 |   693 ||  1371
Invok: Heroism           |       |       |       |     1 |       ||     1
  Use: Scroll            |       |     6 |     9 |     9 |     8 ||    32
       Potion            |       |     5 |     6 |     2 |     1 ||    14
 Stab: Sleeping          |       |       |       |     1 |     2 ||     3
       Held in net/web   |       |       |       |     1 |       ||     1
       Distracted        |       |       |       |       |     2 ||     2
Armor: Scale mail        |    51 |    37 |    74 |       |       ||   162
       Acid dragon scale |       |       |    41 |   153 |   120 ||   314
Dodge: Dodged            |    44 |    49 |    87 |   143 |   307 ||   630
Block: Other             |       |    22 |       |       |       ||    22
       Reflection        |       |     1 |     4 |     3 |     3 ||    11
       Buckler           |       |       |   188 |   284 |   366 ||   838

Table legend: (Time is in decaauts)
 A = Elapsed time spent in this place.
 B = Non-inter-level travel time spent in this place.
 C = Inter-level travel time spent in this place.
 D = Time resting spent in this place.
 E = Time spent auto-exploring this place.
 F = Levels seen in this place.
 G = Mean time per level.
                   A        B        C        D        E       F      G
               +--------+--------+--------+--------+--------+-----+--------+
         Total |  26190 |  19304 |   6886 |   7839 |   6620 |  20 | 1309.5 |
       Dungeon |  17512 |  13137 |   4375 |   5170 |   5133 |  12 | 1459.3 |
        Temple |     86 |     66 |     20 |      0 |     55 |   1 |   86.0 |
          Lair |   8428 |   5940 |   2488 |   2669 |   1375 |   6 | 1404.7 |
  Orcish Mines |    162 |    159 |      3 |      0 |     56 |   1 |  162.0 |
               +--------+--------+--------+--------+--------+-----+--------+

Top non-repeatable levels by time:
     D:5: 2513 daAuts
  Lair:2: 2474 daAuts
  Lair:1: 2141 daAuts
    D:12: 1767 daAuts
     D:3: 1737 daAuts
     D:9: 1628 daAuts
     D:6: 1558 daAuts
     D:8: 1454 daAuts
    D:10: 1442 daAuts
  Lair:4: 1390 daAuts
  Lair:5: 1378 daAuts
     D:7: 1264 daAuts
     D:1: 1164 daAuts
    D:11: 1104 daAuts
  Lair:3: 1035 daAuts
